 Dungeon Crawl Stone Soup version 0.27-a0-1196-g3e9cee4cb2 (webtiles) character file.

Game seed: 4845850262914249766

100871 kae the Executioner (level 16, -4/151 HPs)
             Began as a Hill Orc Fighter on May 28, 2021.
             Was the Champion of Qazlal.
             Slain by a sun demon (10 damage)
             ... summoned by an orc sorcerer
             ... on level 2 of the Orcish Mines.
             The game lasted 00:21:27 (20894 turns).

kae the Executioner (Hill Orc Fighter)             Turns: 20894, Time: 00:21:28

Health: -4/151     AC: 25    Str: 26    XL:     16   Next: 29%
Magic:  0/19       EV:  7    Int:  8    God:    Qazlal [******]
Gold:   2802       SH:  8    Dex: 10    Spells: 15/15 levels left

rFire    . . .     SeeInvis .   y - +6 executioner's axe (vorpal)
rCold    . . .     Faith    .   (shield currently unavailable)
rNeg     . . .     Spirit   +   o - +1 plate armour
rPois    +         Reflect  .   G - +2 hat
rElec    +         Harm     .   p - +1 cloak
rCorr    .         Rampage  .   E - +2 pair of gloves of Obytouso {Drain rElec Regen+ MP-9}
Will     +....                  g - +2 pair of boots
Stlth    ..........             A - amulet of guardian spirit
HPRegen  1.35/turn              B - ring of poison resistance
MPRegen  0.16/turn              (no ring)

@: protected from physical damage, studying Unarmed Combat, repel missiles
A: no striking features
a: Renounce Religion, Upheaval, Elemental Force, Disaster Area


You were on level 2 of the Orcish Mines.
You worshipped Qazlal.
Qazlal was exalted by your worship.
You visited 3 branches of the dungeon, and saw 22 of its levels.
You also visited: Sewer and Bailey.

You collected 2884 gold pieces.
You spent 82 gold pieces at shops.

Inventory:

Hand Weapons
 a - a +0 war axe
 k - a +5 broad axe of electrocution
 y - a +6 vorpal executioner's axe (weapon)
Missiles
 t - a throwing net (quivered)
 w - a curare-tipped dart
Armour
 b - a +0 scale mail
 c - a +0 kite shield
 g - a +2 pair of boots (worn)
 o - a +1 plate armour (worn)
 p - a +1 cloak (worn)
 E - the +2 pair of gloves of Obytouso (worn) {Drain rElec Regen+ MP-9}
   (You found it on level 8 of the Dungeon)

   It insulates you from electricity.
   It affects your magic capacity (-9).
   It increases your rate of health regeneration.
   It drains your maximum health when unequipped.
 G - a +2 hat (worn)
Jewellery
 n - an amulet of regeneration
 A - an amulet of guardian spirit (around neck)
 B - a ring of poison resistance (left hand)
 F - a ring of ice
 I - a ring of see invisible
 K - a ring of ice
 L - a +4 ring of protection
 M - an amulet of reflection
 S - a ring of flight
 W - a +6 ring of strength
Wands
 m - a wand of paralysis (14)
 s - a wand of iceblast (9)
 H - a wand of charming (10)
 O - a wand of flame (6)
 R - a wand of mindburst (7)
Scrolls
 f - 5 scrolls of fog
 D - a scroll of silence
 J - a scroll of teleportation
 N - 8 scrolls of identify
 Q - a scroll of amnesia
 T - a scroll of fear
Potions
 d - 3 potions of might
 e - 2 potions of invisibility
 h - 3 potions of degeneration
 i - 2 potions of lignification
 j - 5 potions of haste
 l - 2 potions of heal wounds
 q - 2 potions of berserk rage
 r - 4 potions of attraction
 u - a potion of magic
 v - 4 potions of flight
 x - 5 potions of curing
 z - 8 potions of ambrosia
 C - 2 potions of brilliance
 P - 3 potions of resistance
 U - a potion of mutation


   Skills:
 - Level 16.0 Fighting
 * Level 24.8 Axes
 - Level 3.2 Armour
 - Level 3.2 Shields
 - Level 16.0 Invocations


You had 15 spell levels left.
You didn't know any spells.
Your spell library contained the following spells:

 Spells                   Type           Power      Damage    Failure   Level
 Animate Skeleton         Necr           0%         N/A       99%         1
 Foxfire                  Conj/Fire      0%         2x1d4     99%         1
 Magic Dart               Conj           0%         1d3       99%         1
 Pain                     Necr           0%         1d4       99%         1
 Shock                    Conj/Air       0%         1d3       99%         1
 Summon Small Mammal      Summ           0%         N/A       99%         1
 Blink                    Tloc           N/A        N/A       100%        2
 Call Imp                 Summ           0%         N/A       100%        2
 Searing Ray              Conj           0%         3d3       100%        2
 Slow                     Hex            0%         N/A       100%        2
 Static Discharge         Conj/Air       0%         N/A       100%        2
 Sublimation of Blood     Necr           0%         N/A       100%        2
 Call Canine Familiar     Summ           0%         N/A       100%        3
 Conjure Flame            Conj/Fire      0%         6-21      100%        3
 Dazzling Flash           Conj/Hex       0%         N/A       100%        3
 Ignite Poison            Fire/Tmut/Pois 0%         N/A       100%        3
 Inner Flame              Hex/Fire       0%         N/A       100%        3
 Mephitic Cloud           Conj/Pois/Air  0%         N/A       100%        3
 Summon Guardian Golem    Hex/Summ       0%         N/A       100%        3
 Swiftness                Air            0%         N/A       100%        3
 Vampiric Draining        Necr           0%         2d6       100%        3
 Airstrike                Air            0%         N/A       100%        4
 Animate Dead             Necr           0%         N/A       100%        4
 Fulminant Prism          Conj/Hex       0%         3d6       100%        4
 Ice Form                 Ice/Tmut       0%         N/A       100%        4
 Iskenderun's Mystic Bla  Conj/Tloc      0%         2d3       100%        4
 Petrify                  Tmut/Erth      0%         N/A       100%        4
 Sticky Flame             Conj/Fire      0%         2d3       100%        4
 Summon Ice Beast         Ice/Summ       0%         N/A       100%        4
 Summon Lightning Spire   Summ/Air       0%         N/A       100%        4
 Agony                    Necr           0%         N/A       100%        5
 Alistair's Intoxication  Tmut/Pois      0%         N/A       100%        5
 Fireball                 Conj/Fire      0%         3d3       100%        5
 Irradiate                Conj/Tmut      0%         3d13      100%        5
 Lightning Bolt           Conj/Air       0%         1d11      100%        5
 Silence                  Hex/Air        0%         N/A       100%        5
 Summon Forest            Summ/Tloc      0%         N/A       100%        5
 Summon Mana Viper        Hex/Summ       0%         N/A       100%        5
 Conjure Ball Lightning   Conj/Air       0%         3x3d6     100%        6
 Eringya's Noxious Bog    Tmut/Pois      0%         N/A       100%        6
 Freezing Cloud           Conj/Ice/Air   0%         6-21      100%        6
 Shadow Creatures         Summ           N/A        N/A       100%        6
 Simulacrum               Ice/Necr       0%         N/A       100%        6
 Ozocubu's Refrigeration  Ice            0%         4d5       100%        7
 Summon Hydra             Summ           0%         N/A       100%        7
 Tornado                  Air            0%         N/A       100%        9


Dungeon Overview and Level Annotations

Branches:
Dungeon (14/15)            Temple (0/1) D:6            Lair (6/6) D:11
 Shoals (0/4) Lair:3       Spider (0/4) Lair:3        Slime (0/5) Lair:5
    Orc (2/2) D:9          Vaults (0/5) D:14          Sewer (visited)
 Bailey (visited)
    Elf: Orc:2

Altars:
Dithmenos
Hepliaklqana
Makhleb
Okawaru
Qazlal
Uskayaw
Vehumet
Wu Jian
The Shining One
Jiyva

Shops:
D:3 :   D:13 *(=   Orc:2 :

Portals:
Trove: D:13 (give 5 scrolls of blinking)

Annotations:
D:7 Harold
D:9 2 runed translucent doors
D:10 exclusion: statue
D:14 2 transporters, wakim's ghost, journeyman DjCj


Message History

The orc sorcerer mumbles some strange words.
You are too injured to fight recklessly!
You are too injured to fight recklessly!
You are too injured to fight recklessly!
You closely miss the orc knight.
The orc knight is severely wounded.
You completely miss the warg. You block the warg's attack.
The orc knight hits you with a +0 war axe!!!
* * * LOW HITPOINT WARNING * * *
You feel more protected from physical attacks.
You are too injured to fight recklessly!
You are too injured to fight recklessly!
You slice the orc knight!!
The orc knight is almost dead.
You slice the warg!!
You kill the warg!
Qazlal accepts your kill.
You slash the orc knight!
The orc knight hits you with a +0 battleaxe!!
* * * LOW HITPOINT WARNING * * *
You feel more protected from physical attacks.
The orc knight hits you with a +0 war axe!!
* * * LOW HITPOINT WARNING * * *
You feel more protected from physical attacks.
Okay, then.
You feel much better.
The orc sorcerer shouts, "You can't withstand my power!"
The orc sorcerer gestures at you while chanting.
The bolt of fire hits the sun demon.
The sun demon completely resists.
The bolt of fire hits you!
* * * LOW HITPOINT WARNING * * *
You block the orc knight's attack. You block the sun demon's attack.
You block the orc knight's attack.
As you read the scroll of fear, it crumbles to dust.
You assume a fearsome visage.
The sun demon is unaffected.
The orc sorcerer looks frightened!
The orc knight easily resists.
The orc knight looks frightened!
The sun demon hits you.
* * * LOW HITPOINT WARNING * * *
You are engulfed in flames!
You die...

........
.........
..#.....#
........##
.....o...#
.......○.#
.....°o3.##
......#@°.#
......o§○.#
......).°☼..#
.........$...#
.......#.##.##
.......... ##
.........#.
#.......#..
....$.. . .


You could see 2 orc knights, a sun demon (summoned) and an orc sorcerer (strong,
fleeing).

Vanquished Creatures
  Rupert (Orc:1)
  Gastronok (D:9)
  2 tengu reavers (D:13)
  An orc warlord (Orc:1)
  An ironbound preserver (D:14)
  Azrael (D:12)
  An ettin (D:13)
  2 yaktaur captains (D:13)
  12 hydras
  6 boulder beetles
  4 two-headed ogres
  3 centaur warriors
  2 catoblepae (Lair:2)
  2 tengu warriors (D:14)
  2 orc high priests
  A deep troll earth mage (D:13)
  3 death yaks (Lair:5)
  A flayed ghost (D:13)
  5 orc knights
  3 deep elf pyromancers
  A phantasmal warrior (D:13)
  3 orc sorcerers
  A wolf spider (Lair:3)
  4 manticores
  2 cyclopes
  11 ugly things
  5 black mambas
  16 elephants
  Maurice (D:9)
  A merfolk siren (Lair:3)
  Joseph (D:9)
  A gargoyle (D:13)
  16 cane toads
  4 komodo dragons
  2 demonic crawlers (D:13)
  3 kobold demonologists
  3 rime drakes
  Psyche (D:9)
  An efreet (D:13)
  A tengu conjurer (D:14)
  10 polar bears
  13 trolls
  A queen bee (D:11)
  Grinder (D:6)
  5 blink frogs
  9 hornets
  A slime creature (D:7)
  9 dream sheep
  A meliai zombie (D:11)
  5 wyverns
  A vampire (D:10)
  13 spriggans (Lair:6)
  2 shadows (D:12)
  44 yaks
  3 basilisks
  A fire elemental (D:12)
  2 wraiths
  5 vampire mosquitoes
  Menkaure (D:6)
  2 acid dragons (D:14)
  20 water moccasins
  3 wargs
  Duvessa (D:6)
  3 hell hounds (D:12)
  5 black bears
  30 orc warriors
  A sky beast (D:5)
  3 ice beasts
  A necrophage (D:3)
  11 ogres
  4 boggarts (Lair:6)
  4 centaurs
  20 wolves (Lair:6)
  A phantom (D:4)
  6 kobold brigands
  13 bullfrogs
  Dowan (D:6)
  3 scorpions
  A water moccasin skeleton (D:7)
  23 killer bees (D:11)
  A wight (D:8)
  11 electric eels
  2 bullfrog zombies
  6 centaur zombies
  A jelly (D:7)
  14 orc priests
  3 hounds
  2 gnoll shamans
  2 iguanas
  21 orc wizards
  7 hell rats (Lair:2)
  16 adders
  14 gnolls
  2 howler monkey skeletons
  A white imp (D:7)
  3 ufetubi
  4 worms
  4 dart slugs
  64 orcs
  5 ball pythons
  7 endoplasms
  5 giant cockroaches
  18 hobgoblins
  14 jackals
  23 kobolds
  2 quokkas
  4 bats
  A frilled lizard (D:1)
  18 goblins
  5 rats
  A bush (Lair:2)
696 creatures vanquished.

Vanquished Creatures (others)
  An orc (Bailey)
  A goblin (Bailey)
  63 fungi
  161 plants
226 creatures vanquished.

Grand Total: 922 creatures vanquished

Notes
Turn   | Place    | Note
-------+----------+-------------------------------------------
     0 | D:1      | kae the Hill Orc Fighter began the quest for the Orb.
     0 | D:1      | Reached XP level 1. HP: 19/19 MP: 1/1
    24 | D:1      | Reached skill level 3 in Axes
    75 | D:1      | Reached XP level 2. HP: 23/27 MP: 2/2
   254 | D:1      | Reached skill level 4 in Axes
   257 | D:1      | Reached XP level 3. HP: 33/33 MP: 3/3
   983 | D:2      | Reached XP level 4. HP: 41/41 MP: 4/4
  1091 | D:2      | Reached skill level 5 in Axes
  1963 | D:3      | Noticed a necrophage
  1973 | D:3      | Killed a necrophage
  1974 | D:3      | Reached skill level 5 in Fighting
  1974 | D:3      | Reached skill level 6 in Axes
  1974 | D:3      | Reached XP level 5. HP: 42/48 MP: 5/5
  2023 | D:3      | Found Rocse's Book Shoppe.
  2319 | D:3      | Found a stormy altar of Qazlal.
  2430 | D:3      | Found a faded altar of an unknown god.
  2517 | D:3      | Became a worshipper of Qazlal Stormbringer
  2614 | D:4      | Identified the +4 scale mail of Defence {rPois}
  2679 | D:4      | Noticed a phantom
  2691 | D:4      | Killed a phantom
  2692 | D:4      | Reached skill level 7 in Axes
  2692 | D:4      | Reached skill level 1 in Invocations
  2692 | D:4      | Reached XP level 6. HP: 56/56 MP: 5/7
  2737 | D:4      | Found a hazy altar of Hepliaklqana.
  3453 | D:4      | Reached XP level 7. HP: 48/62 MP: 8/8
  3507 | D:5      | Entered Level 5 of the Dungeon
  3550 | D:5      | Noticed a yak
  3550 | D:5      | Noticed a yak
  3551 | D:5      | Noticed a yak
  3551 | D:5      | Noticed a yak
  3552 | D:5      | Noticed a yak
  3552 | D:5      | Noticed a yak
  3597 | D:4      | Killed a yak
  3598 | D:4      | Reached skill level 8 in Axes
  3626 | D:4      | Killed a yak
  3626 | D:4      | Reached * piety under Qazlal
  3631 | D:4      | Killed a yak
  3632 | D:4      | Reached skill level 9 in Axes
  3632 | D:4      | Reached XP level 8. HP: 31/71 MP: 9/11
  3669 | D:5      | Killed a yak
  3676 | D:5      | Killed a yak
  3677 | D:5      | Reached skill level 5 in Invocations
  3700 | D:5      | Killed a yak
  3701 | D:5      | Reached skill level 10 in Axes
  3865 | D:5      | Reached XP level 9. HP: 74/81 MP: 13/13
  3982 | D:5      | Reached skill level 11 in Axes
  4132 | D:5      | Noticed a troll
  4141 | D:5      | Killed a troll
  4218 | D:6      | Found a staircase to the Ecumenical Temple.
  4233 | D:6      | Noticed Dowan
  4235 | D:6      | Noticed Duvessa
  4236 | D:6      | Noticed Menkaure
  4247 | D:6      | Killed Menkaure
  4247 | D:6      | Killed Duvessa
  4252 | D:6      | Killed Dowan
  4449 | D:6      | Reached skill level 12 in Axes
  4474 | D:6      | Found a glowing drain.
  4492 | Sewer    | Entered a sewer
  4637 | D:6      | Identified a scroll of acquirement
  4637 | D:6      | Acquired a +4 broad axe of electrocution
  4658 | D:6      | Noticed Grinder
  4668 | D:6      | Killed Grinder
  5010 | D:7      | Reached ** piety under Qazlal
  5104 | D:7      | Reached XP level 10. HP: 79/91 MP: 14/16
  5152 | D:7      | Noticed a two-headed ogre
  5171 | D:7      | Killed a two-headed ogre
  5172 | D:7      | Reached skill level 13 in Axes
  5322 | D:7      | Noticed a green ugly thing
  5322 | D:7      | Noticed a white ugly thing
  5322 | D:7      | Noticed Harold
  5336 | D:7      | Killed a green ugly thing
  5340 | D:7      | Killed a purple ugly thing
  5341 | D:7      | Reached skill level 10 in Fighting
  5341 | D:7      | Reached skill level 14 in Axes
  5349 | D:7      | HP: 4/93 [poisoned by Harold]
  6170 | D:8      | Reached skill level 10 in Invocations
  6170 | D:8      | Reached XP level 11. HP: 79/101 MP: 18/18
  6207 | D:8      | Reached *** piety under Qazlal
  6484 | D:8      | Noticed a two-headed ogre
  6488 | D:8      | Killed a two-headed ogre
  6489 | D:8      | Reached skill level 15 in Axes
  6746 | D:8      | Identified the +2 pair of gloves of Obytouso {Drain rElec
                  | Regen+ MP-9}
  6935 | D:8      | Found a glowing golden altar of the Shining One.
  6972 | D:8      | Found a shadowy altar of Dithmenos.
  7472 | D:9      | Found a staircase to the Orcish Mines.
  7565 | D:9      | Noticed a centaur warrior
  7576 | D:9      | Killed a centaur warrior
  7617 | D:9      | Noticed Psyche
  7630 | D:9      | Killed Psyche
  7687 | D:9      | Noticed Maurice
  7702 | D:9      | Paralysed by something for 5 turns
  7709 | D:9      | Killed Maurice
  7858 | D:9      | Noticed a deep elf pyromancer
  7859 | D:9      | Noticed Gastronok
  7867 | D:9      | Found the +2 shield of Resistance {rF++ rC++ Will++}
  7868 | D:9      | Killed a deep elf pyromancer
  7876 | D:9      | Killed Gastronok
  7877 | D:9      | Reached skill level 16 in Axes
  7877 | D:9      | Found a runed translucent door.
  7877 | D:9      | Noticed a fire dragon
  7877 | D:9      | Noticed an ice dragon
  7877 | D:9      | Noticed an ice dragon
  7877 | D:9      | Noticed a fire dragon
  7910 | D:9      | Found a runed translucent door.
  7998 | D:9      | Noticed Joseph
  8019 | D:9      | Killed Joseph
  8047 | D:9      | Reached XP level 12. HP: 85/112 MP: 8/20
  8244 | D:9      | Found an ornate altar of the Wu Jian Council.
  8384 | D:10     | Entered Level 10 of the Dungeon
  8384 | D:10     | Noticed a boulder beetle
  8391 | D:10     | Killed a boulder beetle
  8440 | D:10     | Found a radiant altar of Vehumet.
  8567 | D:10     | Found an iron altar of Okawaru.
  8685 | D:10     | Reached skill level 17 in Axes
  8869 | D:10     | Noticed a seven-headed hydra
  9249 | D:11     | Noticed a boulder beetle
  9256 | D:11     | Noticed a two-headed ogre
  9258 | D:11     | Killed a boulder beetle
  9267 | D:11     | Killed a two-headed ogre
  9272 | D:11     | Found a staircase to the Lair.
  9578 | D:11     | Noticed a two-headed ogre
  9582 | D:11     | Killed a two-headed ogre
  9583 | D:11     | Reached skill level 18 in Axes
  9887 | Lair:1   | Entered Level 1 of the Lair of Beasts
 10673 | Lair:1   | Acquired 1156 gold pieces
 10695 | Lair:2   | Reached XP level 13. HP: 122/122 MP: 13/22
 10966 | Lair:2   | Reached skill level 19 in Axes
 12127 | Lair:3   | Found a hole to the Spider Nest.
 12258 | Lair:3   | Reached **** piety under Qazlal
 12481 | Lair:3   | Found a staircase to the Shoals.
 12883 | Lair:4   | Reached skill level 20 in Axes
 13087 | Lair:4   | Reached XP level 14. HP: 122/132 MP: 13/24
 13570 | Lair:5   | Found a viscous altar of Jiyva.
 13570 | Lair:5   | Found a staircase to the Slime Pits.
 13877 | Lair:5   | Reached skill level 15 in Invocations
 14416 | Lair:6   | Entered Level 6 of the Lair of Beasts
 14564 | Lair:6   | Reached skill level 21 in Axes
 14886 | Lair:6   | Reached skill level 15 in Fighting
 15281 | Lair:6   | Reached ***** piety under Qazlal
 15725 | Lair:6   | Reached XP level 15. HP: 141/141 MP: 15/26
 16157 | D:12     | Noticed Azrael
 16166 | D:12     | Killed Azrael
 16209 | D:12     | Found a flagged portal.
 16227 | Bailey   | Entered a bailey
 16358 | Bailey   | Found an iron altar of Okawaru.
 16414 | Bailey   | Reached skill level 22 in Axes
 16794 | Bailey   | Acquired a +6 vorpal executioner's axe
 16848 | D:12     | You fall into a shaft and drop 2 floors!
 18036 | D:13     | Reached ****** piety under Qazlal
 18055 | D:13     | Found Soohiv's General Store.
 18058 | D:13     | Bought a scroll of enchant armour for 82 gold pieces
 18108 | D:13     | Found Nint's Weapon Shoppe.
 18227 | D:13     | Found a portal to a secret trove of treasure.
 18336 | D:13     | Found Qucamp's Jewellery Emporium.
 18657 | D:13     | Found a runed translucent door.
 18659 | D:13     | Noticed a tengu reaver
 18659 | D:13     | Noticed a tengu reaver
 18683 | D:13     | Killed a tengu reaver
 18835 | D:13     | Reached skill level 23 in Axes
 18911 | D:13     | Killed a tengu reaver
 19108 | D:14     | Found a hide-covered altar of Uskayaw.
 19450 | D:14     | Noticed a storm dragon
 19458 | D:14     | Noticed wakim's ghost (journeyman DjCj)
 19470 | D:14     | Found a transporter.
 19511 | D:14     | Found a transporter.
 19559 | D:14     | Found a gate to the Vaults.
 20105 | Orc:1    | Entered Level 1 of the Orcish Mines
 20135 | Orc:1    | Reached skill level 24 in Axes
 20135 | Orc:1    | Reached XP level 16. HP: 138/151 MP: 14/28
 20284 | Orc:2    | Entered Level 2 of the Orcish Mines
 20284 | Orc:2    | Found a burning altar of Makhleb.
 20284 | Orc:2    | Noticed Rupert
 20286 | Orc:2    | Paralysed by an orc sorcerer for 5 turns
 20304 | Orc:1    | Killed Rupert
 20558 | Orc:2    | Found Vorch's Book Boutique.
 20892 | Orc:2    | HP: 1/151 [orc knight/+0 war axe (26)]
 20894 | Orc:2    | Slain by a sun demon

Illustrated notes

Levels and vault maps discovered:
D:1:      erik_arrival_triangle_large, layout_rooms, minmay_pentomino_u4
D:2:      layout_loops_corners
D:3:      layout_basic, lemuel_coloured_pillars_altar,
          shapermc_ecumenical_altar_venn, serial_shops, nicolae_shop_statue_plus
D:4:      layout_loops_corners, lemuel_doored_altar
D:5:      layout_basic, minivault_23
D:6:      layout_rooms, minmay_temple_entry_ruins, portal_sewer_entry_d,
          uniq_menkaure, uniq_duvessa, uniq_grinder
D:7:      minmay_chambers_of_sevens, layout_gridville, serial_bayou,
          serial_bayou_lagoon_a, serial_bayou_pond_d, serial_bayou_shore_a,
          serial_bayou_pond_c, serial_bayou_pond_e, kennysheep_path_1,
          minmay_misc_feat_chi, kennysheep_generic_room_13, uniq_harold
D:8:      layout_layer_cave, tso_oasis_becter, marbit_many_paths
D:9:      layout_basic, pdpol_wu_jian_five_deadly_venoms,
          minmay_guarded_unrand_resistance, uniq_psyche, uniq_gastronok,
          uniq_maurice, uniq_joseph
D:10:     layout_roguey, vehumet_statue, okawaru_trees_2
D:11:     layout_roguey, due_lair_maze_entry_diamond, special_room
          [special_room_bee]
D:12:     layout_loops_ring, enter_bailey_5, uniq_azrael
D:13:     minmay_gate_of_8, layout_long_grid, serial_shops, kennysheep_mini,
          kennysheep_mini_moat, shop, nicolae_trove_entry_diagonal,
          chequers_serial_rivers_small_a, minivault_26, kennysheep_cross_room,
          einodemon_crawler_minivault
D:14:     layout_loops_ring, skrybe_vaults_entry_preservation,
          gammafunk_ghost_berserking_beasts, lemuel_round_altar
Lair:1:   layout_regular_city, st_stairs_11, minivault_25
Lair:2:   layout_regular_city, st_stairs_8
Lair:3:   minmay_lair_venomous_thicket, layout_gridlike,
          minmay_shoals_entry_lonely_mermaid, spider_nest_entry_web_field,
          cheibrodos_lair_lostbears
Lair:4:   layout_cave_shapes
Lair:5:   layout_small_grid, slime_altar_1
Lair:6:   minmay_lair_end_enchanted_forest, layout_cave_shapes, st_stairs_13,
          lemuel_fruit_tree
Orc:1:    layout_caves
Orc:2:    grunt_orc_tribal_feast, layout_caves, serial_shops, shop, basic_altar,
          bloody_makhleb, uniq_rupert

Skill      XL: |  1  2  3  4  5  6  7  8  9 10 11 12 13 14 15 |
---------------+----------------------------------------------+-----
Axes           | 3 4 6 7 9 10 12 14 16 18 20 21 24 | 24.8
Fighting       | 4 5 6 7 9 10 11 13 14 15 16 | 16.0
Invocations    | 1 2 4 6 8 10 11 13 14 15 16 | 16.0
Armour         | |  3.2
Shields        | |  3.2

Action                   |  1- 3 |  4- 6 |  7- 9 | 10-12 | 13-15 | 16-18 || total
-------------------------+-------+-------+-------+-------+-------+-------++-------
Melee: War axe           |   102 |   116 |   190 |       |       |       ||   408
       Broad axe         |       |       |    43 |   442 |   581 |       ||  1066
       Unarmed           |       |       |       |     1 |       |       ||     1
       Executioner's axe |       |       |       |       |   186 |   111 ||   297
Invok: Upheaval          |       |       |       |     8 |    11 |       ||    19
Evoke: Wand              |       |       |       |       |     5 |       ||     5
  Use: Scroll            |       |       |     8 |    19 |    14 |     1 ||    42
       Potion            |       |       |       |       |     3 |     1 ||     4
Armor: Scale mail        |    46 |    15 |       |       |       |       ||    61
       Plate armour      |       |    44 |   137 |   206 |   470 |    63 ||   920
Dodge: Dodged            |    32 |    24 |    28 |    51 |   121 |    34 ||   290
       Repelled          |       |       |       |       |     2 |     1 ||     3
Block: Kite shield       |    62 |    58 |   137 |   234 |   440 |       ||   931
       Other             |       |       |       |       |    88 |    54 ||   142

Table legend: (Time is in decaauts)
 A = Elapsed time spent in this place.
 B = Non-inter-level travel time spent in this place.
 C = Inter-level travel time spent in this place.
 D = Time resting spent in this place.
 E = Time spent auto-exploring this place.
 F = Levels seen in this place.
 G = Mean time per level.
                   A        B        C        D        E       F      G
               +--------+--------+--------+--------+--------+-----+--------+
         Total |  21108 |  19965 |   1143 |   2561 |  13651 |  24 |  879.5 |
       Dungeon |  13384 |  12530 |    854 |   1434 |   8739 |  14 |  956.0 |
          Lair |   6191 |   5932 |    259 |    877 |   4157 |   6 | 1031.8 |
  Orcish Mines |    766 |    736 |     30 |    213 |    295 |   2 |  383.0 |
         Sewer |    159 |    159 |      0 |      0 |    104 |   1 |  159.0 |
        Bailey |    606 |    606 |      0 |     37 |    355 |   1 |  606.0 |
               +--------+--------+--------+--------+--------+-----+--------+

Top non-repeatable levels by time:
  Lair:6: 1579 daAuts
     D:8: 1446 daAuts
    D:13: 1355 daAuts
    D:14: 1212 daAuts
  Lair:2: 1137 daAuts
     D:7: 1093 daAuts
     D:4: 1057 daAuts
     D:9: 1023 daAuts
     D:2: 996 daAuts
  Lair:3: 969 daAuts
  Lair:1: 909 daAuts
  Lair:5: 872 daAuts
     D:3: 822 daAuts
     D:1: 821 daAuts
    D:10: 787 daAuts
